[Event "FIDE World Cadets U10 2022"]
[Site "Batumi"]
[Date "2022.09.16"]
[Round "1"]
[White "Smirnov, Mark"]
[Black "Mamikonyan, Artem T"]
[Result "1-0"]
[ECO "B12"]
[WhiteElo "1985"]
[BlackElo "1274"]
[Annotator "TA"]
[PlyCount "47"]
[EventDate "2022.09.16"]
[EventType "swiss"]
[EventCountry "GEO"]
[SourceTitle "playchess.com"]
[Source "ChessBase"]
[SourceQuality "1"]
[TimeControl "5400+30"]

1. e4 c6 2. d4 d5 3. e5 Bf5 4. Nf3 e6 5. Be2 Nd7 6. O-O Ne7 7. Nbd2 c5 8. c4 {[%emt 0:02:30] B12: Caro-Kann: Advance Variation.} cxd4 (8... Rc8 $11) 9. Nxd4 $14 Nxe5 10. cxd5 {[%emt 0:03:30] White is slightly better.} Qxd5 11. Qa4+ N5c6 $2 {[%emt 0:03:30] [#]} ({Better is} 11... N7c6 $1 $14 12. Nxf5 exf5) 12. N2b3 $2 {[%emt 0:31:30] [#]} (12. Nc4 $1 $18 Qxd4 13. Rd1 Qxd1+ 14. Bxd1) 12... Rd8 $146 {[%emt 0:07:30][%mdl 8192] [#]} (12... Qd7 $14) ({Predecessor:} 12... Qd7 13. Rd1 Nxd4 14. Qxd7+ Kxd7 15. Nxd4 Be4 16. Bb5+ Kc7 17. Bf4+ Kb6 18. a4 a5 {1-0 (28) Bologan,V (2690)-Dimitrov,R (2388) Bastia 2010}) 13. Bg5 (13. Be3 $1 $18 {is the precise move to win.}) 13... Be4 14. Nxc6 {[%emt 0:01:30] White is more active.} bxc6 15. Rfd1 Qxg5 16. Rxd8+ Kxd8 17. Qxe4 {[%emt 0:00:00] aiming for Qa4. Really sharp!} Ke8 (17... Nd5 $16 {might work better.}) 18. Qa4 Qe5 {[%emt 0:03:00] [#]} 19. Bf3 $36 {[%emt 0:05:47][%mdl 2048] White is really pushing.} Qb5 (19... g6 {was called for.} 20. Qxa7 Nd5) 20. Qxa7 $18 Nd5 21. Rc1 {[%emt 0:01:09] Strongly threatening Bxd5.} g6 22. Qa8+ (22. Bxd5 $18 Qxd5 23. Na5) 22... Kd7 (22... Ke7 $16) 23. Bxd5 exd5 (23... Qxd5 24. Qb7+ Ke8) 24. Nd4 {Weighted Error Value: White=0.50/Black=0.79} 1-0

[Event "FIDE World Cadets U10 2022"]
[Site "Batumi"]
[Date "2022.09.16"]
[Round "1"]
[White "Golis, Wiktor"]
[Black "Bundan, Edward"]
[Result "1-0"]
[ECO "B48"]
[WhiteElo "1955"]
[BlackElo "1268"]
[Annotator "TA"]
[PlyCount "63"]
[EventDate "2022.09.16"]
[EventType "swiss"]
[EventCountry "GEO"]
[SourceTitle "playchess.com"]
[Source "ChessBase"]
[SourceQuality "1"]
[TimeControl "5400+30"]

1. e4 c5 2. Nf3 e6 3. d4 cxd4 4. Nxd4 Nc6 5. Nc3 Qc7 6. a3 a6 7. Be3 Nf6 8. g4 {[%emt 0:03:30] B48: Sicilian: Taimanov: 5 Nc3 Qc7 6 Be3 a6 without Be2.} (8. f4 $14) 8... h5 $11 9. gxh5 Rxh5 {[%emt 0:03:30] [#]} 10. h3 $146 {[%emt 0:01:30] The position is equal.} ({Predecessor:} 10. Qd2 b5 11. Be2 Rh3 12. Bf4 Qb6 13. Nb3 Bb7 14. O-O-O Na5 15. Nxa5 Qxa5 16. f3 {½-½ (37) Gorovykh,E (2381)-Matlakov,M (2452) St Petersburg 2007}) 10... b5 11. Nxc6 dxc6 12. Bg2 Bb7 13. Qe2 O-O-O 14. O-O g5 (14... Be7 $15) 15. f4 $14 gxf4 (15... Rh7 $14) 16. Bxf4 $16 Qb6+ {[%emt 0:01:30] [#]} (16... Re5 $16) 17. Kh1 $1 $18 {[%emt 0:00:30] Strongly threatening Be3.} Bh6 18. e5 $2 {[%emt 0:01:30] [#]} (18. Bg3 $18 Rd2 19. Qf3) 18... Bxf4 (18... c5 $1 $17 19. Kh2 (19. exf6 $2 Rxh3+ 20. Bh2 Rd2 $19) 19... Bxg2 20. Qxg2 Rg8) 19. Rxf4 $11 Rdh8 $2 20. exf6 c5 21. Ne4 Bxe4 $2 (21... Qc7 22. Rg4 Qe5) 22. Qxe4 $18 Rd5 23. Qe3 Rdh5 24. Rd1 {[%emt 0:00:30] Against Qd6} Qc7 25. Qf3 {[%emt 0:00:30] Threatening mate with Qa8+.} Rd5 26. Rxd5 exd5 27. Rf5 Re8 28. Qf2 Qd6 29. Rxd5 {[%emt 0:00:00] White mates.} Qe6 30. Rxc5+ Kb8 31. Qf4+ Ka7 32. Qc7# {[%emt 0:00:00] Weighted Error Value: White=0.43/Black=0.90} 1-0

[Event "FIDE World Cadets U10 2022"]
[Site "Batumi"]
[Date "2022.09.16"]
[Round "1"]
[White "Guo, Ethan"]
[Black "Suleymanov, Askhab"]
[Result "1-0"]
[ECO "C54"]
[WhiteElo "1917"]
[BlackElo "1245"]
[Annotator "TA"]
[PlyCount "65"]
[EventDate "2022.09.16"]
[EventType "swiss"]
[EventCountry "GEO"]
[SourceTitle "playchess.com"]
[Source "ChessBase"]
[SourceQuality "1"]
[TimeControl "5400+30"]

1. e4 e5 2. Nf3 Nc6 3. Bc4 Bc5 4. c3 Nf6 5. d3 d6 6. a4 a6 7. O-O O-O 8. Nbd2 {[%emt 0:00:30][%cal Bb1d2,Bd2f1,Bf1g3][%mdl 32] C54: Giuoco Piano: 4 c3 Nf6, main lines with 5 d4 and 5 d3.} Bg4 9. h3 Bh5 10. Re1 {[%emt 0:00:00] White is slightly better.} Qd7 (10... a5 $11 {remains equal.}) 11. Nf1 $16 Ne7 12. Ng3 Bg6 13. Bg5 {[%emt 0:00:30] [#]} Kh8 $146 (13... c6 $16) ({Predecessor:} 13... b5 14. axb5 axb5 15. Rxa8 Rxa8 16. Bb3 Re8 17. Nh4 Kh8 18. Bxf6 gxf6 {1-0 (57) Boure,H (1781)-Murie,E (2070) Gorges 2008}) 14. Bxf6 gxf6 15. d4 exd4 16. Nxd4 Bxd4 17. Qxd4 ({Don't do} 17. cxd4 f5 $16) 17... Kg7 18. f4 {[%emt 0:02:30][%cal Bf2f4,Bf4f5][%mdl 32] And now f5 would win.} Nc6 (18... c5 $16 19. Qd1 f5 20. exf5 Nxf5) 19. Qd2 f5 20. exf5 Bxf5 21. Qd5 Bg6 22. f5 Ne7 $2 (22... Qd8 23. fxg6 hxg6) 23. Qd4+ Kg8 24. fxg6 hxg6 25. Qf6 {[%emt 0:00:30] Threatening mate with Re4.} Rae8 {[%emt 0:06:30] [#]} 26. Kh1 (26. Rxe7 $142 $1 Qxe7 27. Qxg6+ Kh8 28. Qh6+ Kg8 29. Nf5 Qe5 30. Bd3 Qe3+ 31. Nxe3) 26... d5 $18 27. Bd3 Kh7 (27... Qd6 $18 28. Qxd6 cxd6) 28. Re5 {[%emt 0:00:30][%cal Be1e5,Be5h5,Bh5h6,Bh6h8][%mdl 32] White mates.} Ng8 29. Rh5+ Nh6 {[%emt 0:00:18] [#]} 30. Nf5 $1 Qxf5 31. Bxf5 gxf5 32. Rxh6+ Kg8 33. Rh8# {[%emt 0:00:30] Black did not feel at home in the position after the opening.  Weighted Error Value: White=0.57/Black=0.74} 1-0

[Event "FIDE World Cadets U10 2022"]
[Site "Batumi"]
[Date "2022.09.16"]
[Round "1"]
[White "Lacan Rus, David"]
[Black "Saadeddine, Adam"]
[Result "1-0"]
[ECO "C02"]
[WhiteElo "1886"]
[BlackElo "1241"]
[Annotator "NA COMBH"]
[PlyCount "67"]
[EventDate "2022.09.16"]
[EventType "swiss"]
[EventCountry "GEO"]
[SourceTitle "playchess.com"]
[Source "ChessBase"]
[SourceQuality "1"]
[TimeControl "5400+30"]

1. e4 e6 2. d4 d5 3. e5 c5 4. c3 Nc6 5. Nf3 cxd4 6. cxd4 Nge7 7. Be2 Nf5 8. O-O Qb6 9. Nc3 a6 10. Na4 Qa7 11. g4 Nfe7 12. Be3 b5 13. Nc5 Bd7 14. Rc1 Nc8 15. Qd2 Be7 16. Ne1 Bxc5 17. Rxc5 Nb6 18. b3 Qb8 19. Nd3 h6 20. f4 Qd8 21. Qe1 g6 22. Qg3 Qe7 23. Rfc1 Rc8 24. Kh1 Qd8 25. f5 gxf5 26. gxf5 exf5 27. Qg7 Rf8 28. Bxh6 Qe7 29. Bg5 f6 30. Bh5+ Kd8 31. Bxf6 Rxf6 32. Qxf6 Nxd4 33. Qxb6+ Rc7 34. Qxc7# 1-0

[Event "FIDE World Cadets U10 2022"]
[Site "Batumi"]
[Date "2022.09.16"]
[Round "1"]
[White "Kuandykuly, Danis"]
[Black "Militonyan, Movses"]
[Result "1-0"]
[ECO "B15"]
[WhiteElo "1853"]
[BlackElo "1231"]
[Annotator "NA COMBH"]
[PlyCount "65"]
[EventDate "2022.09.16"]
[EventType "swiss"]
[EventCountry "GEO"]
[SourceTitle "playchess.com"]
[Source "ChessBase"]
[SourceQuality "1"]
[TimeControl "5400+30"]

1. e4 c6 2. d4 d5 3. Nc3 dxe4 4. Nxe4 Nf6 5. Nxf6+ exf6 6. c3 Bd6 7. Bd3 O-O 8. Qc2 g6 9. Bh6 Re8+ 10. Ne2 Bf8 11. Bxf8 Kxf8 12. O-O-O Qa5 13. Kb1 Be6 14. Nc1 Na6 15. h4 Kg7 16. h5 b5 17. Qd2 Rh8 18. Qf4 Qd8 19. Rh2 h6 20. hxg6 fxg6 21. Rdh1 g5 22. Qe4 Qe8 23. Ka1 Bc4 24. Qf5 Bxd3 25. Nxd3 Qf7 26. f4 Nc7 27. fxg5 hxg5 28. Rh7+ Rxh7 29. Rxh7+ Kg8 30. Rxf7 Kxf7 31. Ne5+ Kg7 32. Qg6+ Kf8 33. Qf7# 1-0

[Event "FIDE World Cadets U10 2022"]
[Site "Batumi"]
[Date "2022.09.16"]
[Round "1"]
[White "Kleimenov, Nikolay"]
[Black "Ikhsan, Yersultan"]
[Result "1-0"]
[ECO "B31"]
[WhiteElo "1845"]
[BlackElo "1198"]
[Annotator "NA COMBH"]
[PlyCount "113"]
[EventDate "2022.09.16"]
[EventType "swiss"]
[EventCountry "GEO"]
[SourceTitle "playchess.com"]
[Source "ChessBase"]
[SourceQuality "1"]
[TimeControl "5400+30"]

1. e4 c5 2. Nf3 Nc6 3. Bb5 g6 4. Bxc6 dxc6 5. O-O Bg7 6. d3 e5 7. Be3 b6 8. Nbd2 Ne7 9. a4 a5 10. h3 O-O 11. Nc4 Qc7 12. b4 axb4 13. a5 bxa5 14. Bxc5 Be6 15. Ncxe5 Rfc8 16. d4 Re8 17. Re1 Nc8 18. Bxb4 Nd6 19. Bd2 c5 20. d5 Bc8 21. Bf4 c4 22. Rb1 Bb7 23. Nxf7 Qxf7 24. Bxd6 a4 25. Ba3 h6 26. Nd4 Bxd5 27. exd5 Rxe1+ 28. Qxe1 Bxd4 29. c3 Re8 30. Qd2 Ba7 31. d6 Rf8 32. d7 Bxf2+ 33. Kh1 Rd8 34. Rf1 Rxd7 35. Qxf2 Qxf2 36. Rxf2 Rd1+ 37. Kh2 Ra1 38. Bc5 a3 39. Rf8+ Kg7 40. Ra8 a2 41. Kg3 Kf7 42. Ra6 Rc1 43. Rxa2 Rxc3+ 44. Kf2 Rc1 45. Be3 Rd1 46. Rc2 g5 47. Rxc4 Rd6 48. Rb4 Rd3 49. Rb6 Kg7 50. Kf3 h5 51. Ke4 Ra3 52. Bxg5 Rg3 53. Kf5 Rxg2 54. Rb7+ Kf8 55. Kg6 Ke8 56. Re7+ Kf8 57. Rd7 1-0

[Event "FIDE World Cadets U10 2022"]
[Site "Batumi"]
[Date "2022.09.16"]
[Round "1"]
[White "Kleschevnikov, Arseny"]
[Black "Inauri, Alexi"]
[Result "1/2-1/2"]
[ECO "E12"]
[WhiteElo "1809"]
[BlackElo "1190"]
[Annotator "NA COMBH"]
[PlyCount "115"]
[EventDate "2022.09.16"]
[EventType "swiss"]
[EventCountry "GEO"]
[SourceTitle "playchess.com"]
[Source "ChessBase"]
[SourceQuality "1"]
[TimeControl "5400+30"]

1. d4 Nf6 2. c4 e6 3. Nf3 b6 4. a3 Bb7 5. Nc3 Be7 6. d5 exd5 7. cxd5 O-O 8. e4 d6 9. Be2 Nbd7 10. b4 Re8 11. O-O Bf8 12. Qc2 a6 13. Bb2 g6 14. Nd4 Qe7 15. f3 Bh6 16. Kh1 Bg7 17. Rad1 Nh5 18. g3 Rf8 19. f4 Nhf6 20. Bf3 b5 21. a4 bxa4 22. Nxa4 Nb6 23. Rfe1 Qd7 24. Nxb6 cxb6 25. Nc6 Rfc8 26. Qe2 Re8 27. Qg2 Rac8 28. Bd4 b5 29. Ba1 Nh5 30. Bxh5 Bxa1 31. Rxa1 gxh5 32. Nd4 Rc4 33. Qb2 Rxe4 34. Rxe4 Bxd5 35. Rae1 Qb7 36. Nf5 Bxe4+ 37. Kg1 Qb6+ 38. Kf1 Bd3+ 39. Re2 Bxe2+ 40. Kxe2 f6 41. Qxf6 Rc2+ 42. Kd3 Rd2+ 43. Kxd2 Qf2+ 44. Kd3 Qf1+ 45. Ke3 Qe1+ 46. Kf3 Qh1+ 47. Ke2 Qg2+ 48. Kd3 Qf1+ 49. Kd2 Qf2+ 50. Kc3 Qe1+ 51. Kd3 Qd1+ 52. Ke4 Qh1+ 53. Kd3 Qd1+ 54. Ke3 Qg1+ 55. Ke2 Qg2+ 56. Kd3 Qf1+ 57. Kc2 Qe2+ 58. Kc1 1/2-1/2

[Event "FIDE World Cadets U10 2022"]
[Site "Batumi"]
[Date "2022.09.16"]
[Round "1"]
[White "Bedyovkin, Nataniel Alexey"]
[Black "Mendes Aaron Reeve"]
[Result "0-1"]
[ECO "E18"]
[WhiteElo "1283"]
[BlackElo "1990"]
[Annotator "TA"]
[PlyCount "74"]
[EventDate "2022.09.16"]
[EventType "swiss"]
[EventCountry "GEO"]
[SourceTitle "playchess.com"]
[Source "ChessBase"]
[SourceQuality "1"]
[TimeControl "5400+30"]

1. Nf3 Nf6 2. g3 d5 3. Bg2 e6 4. d4 Be7 5. c4 O-O 6. O-O b6 7. Nc3 Bb7 8. Bg5 {[%emt 0:03:30] 8.cxd5 is a critical line. E18: Queen's Indian: Old Main Line (4 g3 Bb7 5 Bg2 Be7 6 0-0 0-0 7 Nc3).} dxc4 {[%emt 0:02:30] [#]} 9. Rc1 $146 ({Predecessor:} 9. Ne5 Bxg2 10. Kxg2 a6 11. a4 Bb4 12. Ne4 Qd5 13. Bxf6 gxf6 14. Ng4 Qxe4+ 15. f3 Qg6 {0-1 (15) Winter,R-Dixon,H (1544) Wellington 2016}) 9... h6 (9... a6 $15) 10. Bxf6 $11 {[%emt 0:03:30] The position is equal.} Bxf6 11. e3 ({Don't play} 11. Ne5 Bxg2 12. Kxg2 c5 $17) 11... a6 12. Na4 {[%emt 0:04:30] White is now going downhill.} (12. a4 $11) 12... Nd7 $17 13. Qe2 b5 14. Nc3 c5 15. Rfd1 Qb6 16. dxc5 (16. b3 {was called for.}) 16... Nxc5 $19 17. Nd4 Bxg2 18. Kxg2 Nd3 19. Rb1 Bxd4 20. exd4 Qxd4 21. Qf3 Rad8 22. Kg1 b4 23. Ne2 Qe5 24. b3 (24. Qe3 {was worth a try.} Qa5 25. a3) 24... Qd5 25. Qxd5 exd5 ({Inferior is} 25... Rxd5 26. bxc4 Rdd8 27. Rd2 $17) 26. Nd4 Rfe8 27. Nc6 Rc8 28. Na5 Re2 29. bxc4 dxc4 30. Nxc4 Nxf2 ({Avoid the trap} 30... Rxc4 $2 31. Rxd3 Rxa2 32. Rd5 $19) 31. Rdc1 (31. Rd2 $142 Rxd2 32. Nxd2) 31... Nd3 32. Rd1 Rxc4 33. Rxd3 Rcc2 34. h4 (34. a3 $142 Rg2+ 35. Kf1) 34... Rxa2 {[%emt 0:00:30] [#] Hoping for ...a5.} 35. Rdb3 a5 36. Kf1 Rg2 {[%emt 0:00:00] ...Raf2+ is the strong threat.} 37. Re1 Raf2# {[%emt 0:00:30] Weighted Error Value: White=1.03/Black=0.43} 0-1

[Event "FIDE World Cadets U10 2022"]
[Site "Batumi"]
[Date "2022.09.16"]
[Round "1"]
[White "Ritesh Maddukuri"]
[Black "Liu, Patrick"]
[Result "0-1"]
[ECO "A45"]
[WhiteElo "1272"]
[BlackElo "1961"]
[Annotator "TA"]
[PlyCount "88"]
[EventDate "2022.09.16"]
[EventType "swiss"]
[EventCountry "GEO"]
[SourceTitle "playchess.com"]
[Source "ChessBase"]
[SourceQuality "1"]
[TimeControl "5400+30"]

1. d4 Nf6 2. Bg5 c5 3. d5 d6 4. c4 h6 5. Bxf6 exf6 6. Nc3 {[%emt 0:03:30] A45: Trompowsky Attack.} g6 {[%emt 0:00:30] [#]} 7. e4 $146 ({Predecessor:} 7. e3 Bg7 8. Bd3 Nd7 9. f4 f5 10. Qf3 O-O 11. Nge2 a6 12. O-O Nf6 13. Rab1 {0-1 (50) Motola,J (2229)-Castellanos Rodriguez,R (2511) Forni di Sopra 2019}) 7... Bg7 8. Bd3 $1 {[%emt 0:01:30] White is slightly better.} O-O 9. Nge2 Nd7 10. f4 {[%emt 0:02:30] Prevents Ne5.} Re8 11. O-O Nf8 12. Qd2 Bd7 13. Rae1 Qc8 14. Qc2 a6 15. a3 (15. Nd1 $16) 15... b5 16. Nb1 ({Don't blunder} 16. cxb5 $2 c4 17. f5 Bxb5 18. Nxb5 axb5 $19) (16. f5 $14) 16... bxc4 17. Bxc4 f5 18. Nd2 Qc7 (18... fxe4 $15 19. Nxe4 Qc7) 19. Ng3 fxe4 {[%emt 0:00:30] [#] White must now prevent ...f5.} 20. Ndxe4 (20. f5 $1 $11) 20... Rab8 (20... f5 $17 21. Nc3 Qa5) 21. b3 (21. f5 $1 $11 {remains equal.}) 21... f5 $17 22. Nd2 Qa5 23. a4 {[%emt 0:00:44] [#]} (23. Rxe8 $17 {was necessary.} Rxe8 24. Be2) 23... Bc3 (23... Bxa4 $1 $19 {[%mdl 512] ...Bb5 is the strong threat.} 24. Re2 (24. bxa4 $2 Rxe1 25. Rxe1 Rb2 $19) 24... Bb5) 24. Rxe8 $11 Rxe8 25. Nf3 Bg7 26. Qd3 Bc8 $36 {[%emt 0:00:00][%mdl 2048] Black fights for an advantage.} 27. Kf2 (27. Kh1 $11) 27... Nd7 28. Re1 Rxe1 29. Nxe1 Qc3 30. Qxc3 Bxc3 31. Nc2 Nb6 32. Ne2 Bd2 33. Ne3 Bb7 {[%emt 0:03:30] Black is more active.} 34. h3 (34. Nf1 $17 Bb4 35. Ne3) 34... Bxe3+ $19 35. Kxe3 Nxd5+ {[%emt 0:00:00][%mdl 4096] Endgame KBN-KBN} ({Weaker is} 35... Bxd5 36. Bxa6 Bxb3 37. a5 Nc4+ 38. Bxc4+ Bxc4 39. g3 $17) 36. Kf2 (36. Kd2 {might work better.} Kg7 37. g3) 36... Kg7 37. g3 Nb4 38. Nc1 (38. Nc3 {was called for.}) 38... Be4 39. Be2 d5 40. Bf3 $2 (40. a5) 40... d4 41. Bd1 Kf6 {[%emt 0:00:30] aiming for ...g5.} 42. Ke2 $2 (42. Ke1 {is a better defense.}) 42... Nd5 43. Kd2 Nc3 44. Bc2 Ke6 {[%emt 0:01:30] Weighted Error Value: White=0.33/Black=0.21 (precise)} 0-1

[Event "FIDE World Cadets U10 2022"]
[Site "Batumi"]
[Date "2022.09.16"]
[Round "1"]
[White "Amanov, Asad"]
[Black "Abdsattar, Alisher"]
[Result "0-1"]
[ECO "B01"]
[WhiteElo "1264"]
[BlackElo "1934"]
[Annotator "TA"]
[PlyCount "108"]
[EventDate "2022.09.16"]
[EventType "swiss"]
[EventCountry "GEO"]
[SourceTitle "playchess.com"]
[Source "ChessBase"]
[SourceQuality "1"]
[TimeControl "5400+30"]

1. e4 d5 2. exd5 Qxd5 3. Nc3 Qd6 4. Nf3 c6 5. d4 Bg4 6. Be2 {[%emt 0:00:30] B01: Scandinavian Defence.} Nf6 {[%emt 0:00:30] Inhibits Ne4.} 7. O-O Nbd7 8. Re1 {[%emt 0:02:30] White is slightly better.} e6 9. Be3 Qc7 {[%emt 0:00:30] [#]} 10. Ng5 $146 ({Predecessor:} 10. a3 Bd6 11. h3 Bh5 12. Ng5 Bxe2 13. Rxe2 O-O 14. Nge4 Be7 15. Bg5 Rfe8 16. Nxf6+ Nxf6 {0-1 (34) Romero,R (1601)-Blanco,R (1470) Montevideo 2020}) 10... Bxe2 11. Qxe2 Be7 12. Bd2 O-O 13. Qf3 Qb6 14. Qd3 Rfd8 15. Rab1 h6 16. Nf3 Rac8 17. Be3 Nd5 18. Ne4 Nxe3 19. Rxe3 c5 20. d5 (20. c3 $15 {was preferrable.}) 20... Nf6 $17 21. c4 exd5 22. Nc3 dxc4 23. Qxc4 Bd6 24. Nh4 {[%emt 0:03:30] [#]} (24. b3 $17) 24... Bxh2+ $1 $19 25. Kxh2 {[%emt 0:04:30] Strongly threatening Qe2.} Rd4 26. Qe2 {[%emt 0:04:30] Threatens to win with Nf5.} Rxh4+ 27. Kg1 Rd8 28. Re1 Rhd4 29. Re7 R8d7 30. Rxd7 Rxd7 31. Qc2 Qc6 32. Ne4 Nxe4 33. Rxe4 {[%emt 0:00:30][%cal Re4e8][%mdl 4096] Endgame [#] KQR-KQR} Rd1+ $3 34. Kh2 (34. Qxd1 Qxe4) 34... Qd6+ 35. g3 g6 36. Qc3 {[%emt 0:00:30] aiming for Re8+.} Rd4 37. Re8+ Kg7 38. Rc8 b6 39. a4 (39. b3 $142) 39... Qd7 40. Ra8 Qxa4 {[%emt 0:00:52] Hoping for ...Qd7.} 41. Qe3 {[%emt 0:02:30] Intending Qe5+ and mate.} Re4 {[%emt 0:02:42] Inhibits Qe5+.} 42. Qf3 (42. Qc3+ Rd4 43. Qe1) 42... Re7 43. Rd8 Qb4 44. Qa8 $2 (44. b3) 44... Qxb2 {[%emt 0:09:53] And now ...Re2 would win.} 45. Rg8+ Kf6 $2 ({Black should play} 45... Kh7 $19 46. Rf8 Qxf2+ 47. Qg2 Qf5) 46. Qf3+ $11 Ke6 47. Qg4+ $2 (47. Rd8 $15) 47... Kd6 48. Rd8+ Kc6 49. Qa4+ Kc7 ({Inferior is} 49... Kb7 50. Rd7+ Rxd7 51. Qxd7+ Kb8 52. Qd8+ Kb7 53. Qd7+ Kb8 54. Qd8+ Kb7 55. Qd7+ $11) 50. Rd1 Qxf2+ 51. Kh3 Qf5+ 52. Kg2 Re2+ {[%emt 0:00:30] Black mates.} 53. Kg1 Qf2+ 54. Kh1 Qg2# {[%emt 0:00:00] Weighted Error Value: White=0.79/Black=0.20 (precise)} 0-1

[Event "FIDE World Cadets U10 2022"]
[Site "Batumi"]
[Date "2022.09.16"]
[Round "1"]
[White "Novodvorskiy, Dmitriy Al"]
[Black "Vivaan Vishal Shah"]
[Result "1/2-1/2"]
[ECO "D03"]
[WhiteElo "1244"]
[BlackElo "1899"]
[Annotator "NA COMBH"]
[PlyCount "85"]
[EventDate "2022.09.16"]
[EventType "swiss"]
[EventCountry "GEO"]
[SourceTitle "playchess.com"]
[Source "ChessBase"]
[SourceQuality "1"]
[TimeControl "5400+30"]

1. d4 Nf6 2. Nf3 g6 3. Bg5 Bg7 4. Nbd2 d5 5. e3 h6 6. Bh4 O-O 7. Bd3 Nbd7 8. O-O c5 9. c3 b6 10. Re1 Bb7 11. Ne5 Nxe5 12. dxe5 Ne4 13. f4 Nxd2 14. Qxd2 d4 15. Rad1 Qd7 16. exd4 cxd4 17. e6 fxe6 18. Bxg6 Qc6 19. Be4 dxc3 20. bxc3 Qc5+ 21. Bf2 Qc7 22. Bxb7 Qxb7 23. Rxe6 Rad8 24. Bd4 Bf6 25. Qd3 Rf7 26. Qc4 b5 27. Qb3 Qd5 28. Rd3 Kf8 29. g3 b4 30. Ree3 Qxb3 31. axb3 Bxd4 32. Rxd4 Rxd4 33. cxd4 Rf6 34. d5 Ra6 35. Kf2 Ra2+ 36. Re2 Ra3 37. Rb2 Ra5 38. Rd2 Ra3 39. Rb2 Ra5 40. Rd2 Ke8 41. Ke3 Ra3 42. Rb2 Kd7 43. Kd4 1/2-1/2

[Event "FIDE World Cadets U10 2022"]
[Site "Batumi"]
[Date "2022.09.16"]
[Round "1"]
[White "Emanouilov, Radoslav"]
[Black "Aeschbacher, Dimitri"]
[Result "1-0"]
[ECO "C56"]
[WhiteElo "1233"]
[BlackElo "1856"]
[Annotator "NA COMBH"]
[PlyCount "97"]
[EventDate "2022.09.16"]
[EventType "swiss"]
[EventCountry "GEO"]
[SourceTitle "playchess.com"]
[Source "ChessBase"]
[SourceQuality "1"]
[TimeControl "5400+30"]

1. e4 e5 2. Nf3 Nc6 3. d4 exd4 4. Bc4 Nf6 5. e5 d5 6. Bb5 Ne4 7. Nxd4 Bc5 8. Nxc6 Bxf2+ 9. Kf1 bxc6 10. Bxc6+ Bd7 11. Qxd5 Bxc6 12. Qxc6+ Kf8 13. Qxe4 Bb6 14. Ke2 Rb8 15. Rf1 Qd7 16. Nc3 Re8 17. Bg5 Bd4 18. Rad1 Rxe5 19. Qxe5 Qg4+ 20. Ke1 Qxd1+ 21. Kxd1 Bxe5 22. Bf4 Bxf4 23. Rxf4 Ke7 24. Re4+ Kf6 25. Ke2 Rb8 26. b3 c6 27. Na4 Rb5 28. Nb2 Rh5 29. h3 Rg5 30. Kf3 Ra5 31. a4 h5 32. Nc4 Rc5 33. Rd4 g5 34. g4 hxg4+ 35. hxg4 a5 36. c3 Ke6 37. Rd6+ Ke7 38. Rd4 f5 39. b4 fxg4+ 40. Kxg4 axb4 41. cxb4 Rd5 42. Rxd5 cxd5 43. Nd2 Kd6 44. Kxg5 d4 45. Kf4 d3 46. Ke4 Kc6 47. Kxd3 Kb6 48. Nc4+ Kb7 49. b5 1-0

[Event "FIDE World Cadets U10 2022"]
[Site "Batumi"]
[Date "2022.09.16"]
[Round "1"]
[White "Syzdykov, Aituar"]
[Black "Vincenti, Leonardo"]
[Result "0-1"]
[ECO "B90"]
[WhiteElo "1229"]
[BlackElo "1848"]
[Annotator "NA COMBH"]
[PlyCount "150"]
[EventDate "2022.09.16"]
[EventType "swiss"]
[EventCountry "GEO"]
[SourceTitle "playchess.com"]
[Source "ChessBase"]
[SourceQuality "1"]
[TimeControl "5400+30"]

1. e4 c5 2. Nf3 d6 3. d4 cxd4 4. Nxd4 Nf6 5. Nc3 a6 6. f3 e5 7. Nb3 Be6 8. Be3 Be7 9. Qd2 Nbd7 10. g4 b5 11. g5 Nh5 12. O-O-O Rc8 13. Kb1 Qc7 14. Be2 Nb6 15. Na5 O-O 16. h4 b4 17. Bxb6 Qxb6 18. Nd5 Bxd5 19. Qxd5 Nf4 20. Qd2 Qxa5 21. Rdg1 Rc5 22. h5 b3 23. Qxa5 bxc2+ 24. Ka1 Rxa5 25. Bc4 Rc8 26. b3 Rxc4 27. bxc4 Ne2 28. Re1 c1=Q+ 29. Rxc1 Nxc1 30. Rxc1 Bxg5 31. Rb1 g6 32. hxg6 fxg6 33. Rb8+ Kf7 34. Rb7+ Be7 35. Kb2 h5 36. a3 h4 37. Ka2 Rc5 38. Rb4 Rc8 39. Rb2 Rxc4 40. Kb3 Rc1 41. Rh2 Rf1 42. Rh3 Rg1 43. Ka4 Rg3 44. Rh2 Rxf3 45. Rh1 g5 46. Rh2 d5 47. Ka5 Rxa3+ 48. Kb6 dxe4 49. Rf2+ Rf3 50. Ra2 h3 51. Kxa6 Ra3+ 52. Rxa3 Bxa3 53. Kb5 Bc5 54. Kxc5 h2 55. Kd5 h1=Q 56. Kxe5 e3 57. Kd4 e2 58. Kc4 e1=N 59. Kc3 g4 60. Kc4 g3 61. Kc3 g2 62. Kc4 g1=Q 63. Kc3 Qg3+ 64. Kc4 Qhh4+ 65. Kc5 Qgg5+ 66. Kc6 Qhh6+ 67. Kc7 Qc5+ 68. Kb7 Qhb6+ 69. Ka8 Qb8+ 70. Kxb8 Qe7 71. Kc8 Ke6 72. Kb8 Kd6 73. Ka8 Kc6 74. Kb8 Qc7+ 75. Ka8 Qb7# 0-1

[Event "FIDE World Cadets U10 2022"]
[Site "Batumi"]
[Date "2022.09.16"]
[Round "1"]
[White "Suarishvili, Nikoloz"]
[Black "Liu, Zachary Hankun"]
[Result "0-1"]
[ECO "B22"]
[WhiteElo "1196"]
[BlackElo "1845"]
[Annotator "NA COMBH"]
[PlyCount "90"]
[EventDate "2022.09.16"]
[EventType "swiss"]
[EventCountry "GEO"]
[SourceTitle "playchess.com"]
[Source "ChessBase"]
[SourceQuality "1"]
[TimeControl "5400+30"]

1. e4 c5 2. c3 d5 3. exd5 Nf6 4. c4 e6 5. dxe6 Bxe6 6. Nf3 Nc6 7. Be2 Be7 8. O-O O-O 9. d3 Qc7 10. Be3 Rad8 11. Nc3 Bxc4 12. b3 Be6 13. Rc1 Qd7 14. Qd2 Nd5 15. Nxd5 Qxd5 16. Rfd1 Nd4 17. Nxd4 cxd4 18. Bf4 Qb5 19. Rc7 Bb4 20. Qb2 Ba5 21. Rc2 Bc3 22. Qa3 Rc8 23. Bd2 Bxd2 24. Rdxd2 a5 25. Qd6 Qd5 26. Qb6 Bf5 27. h3 h6 28. Bf3 Qe5 29. Re2 Qf4 30. Be4 Rcd8 31. Qxa5 Bxe4 32. Rxe4 Qd6 33. Qc7 Qa6 34. Qc4 Qa5 35. Qc5 Qa8 36. Rxd4 Rc8 37. Ra4 Rxc5 38. Rxc5 Qb8 39. d4 Re8 40. g3 b6 41. Rb5 Re1+ 42. Kh2 Qe8 43. Re5 Rxe5 44. dxe5 Qxe5 45. Rb4 Qb2 0-1